 Dungeon Crawl Stone Soup version 0.31.0-1-g2c135a008e (webtiles) character file.

Game seed: 5052004966814792101

46 qw the Shooter (level 3, 0/29 HPs)
             Began as a Djinni Hunter on Jan 24, 2024.
             Slain by Terence
             ... wielding a +0 falchion
              (7 damage)
             ... on level 2 of the Dungeon.
             The game lasted 00:00:03 (912 turns).

qw the Shooter (Djinni Hunter)                       Turns: 912, Time: 00:00:03

Health: 0/29       AC:  3    Str: 10    XL:     3   Next: 92%
Gold:   77         EV: 12    Int: 10    God:
                   SH:  0    Dex: 18

rFire   + + .        a - +0 shortbow
rCold   x . .        (shield currently unavailable)
rNeg    . . .        c - +0 leather armour
rPois   inf          (no helmet)
rElec   .            (no cloak)
rCorr   .            (no gloves)
SInv    .            (boots unavailable)
Will    .....        (no amulet)
Stlth   ++           (no ring)
HPRegen 0.24/turn    (no ring)
MPRegen 0.00/turn

%: infuse magic (-1 HP)
@: flying
A: sickness immunity, fire resistance 2, cold vulnerability 1, float, innate
caster, HP casting, extra vitality 1
a: no special abilities


You were on level 2 of the Dungeon.
You visited 1 branch of the dungeon, and saw 2 of its levels.

You collected 77 gold pieces.


Innate Abilities, Weirdness & Mutations

You are immune to sickness and miasma.
You are immune to poison.
Your flesh is very heat resistant. (rF++)
You are vulnerable to cold. (rC-)
You float through the air rather than walking.
You learn spells naturally, not from books.
Your magical power is your life essence.
You have superior vitality. (+4 MHP)


   Skills:
 + Level 2.8 Fighting
 - Level 4.0 Ranged Weapons
 - Level 2.1 Dodging
 - Level 0.7 Stealth


You knew the following spells:

 Your Spells              Type           Power      Damage    Failure   Level
a - Freeze                Ice            0%         1d3       45%         1
Your spell library was empty.

Inventory:

Hand Weapons
 a - a +0 shortbow (weapon)
Armour
 c - a +0 leather armour (worn)
 e - a +0 ring mail
Jewellery
 d - a ring of fire
Scrolls
 g - a scroll of poison {unknown}
 h - 3 scrolls of identify
Potions
 b - 2 potions of invisibility {unknown}
 f - a potion of curing {unknown}

Dungeon Overview and Level Annotations

Branches:
Dungeon (2/15)

Altars:

Annotations:
D:2 Terence


Message History

Found 4 stones.
You see here 4 stones.
An endoplasm comes into view.
You shoot an arrow. The arrow hits the endoplasm.
The endoplasm is lightly wounded.
You shoot an arrow. The arrow hits the endoplasm!
You kill the endoplasm!
Terence the Incautious comes into view.
He is wielding a +0 falchion and wearing a +0 ring mail of cold resistance.
Found a short sword and a glowing amethyst potion.
Terence shouts!
A bat comes into view.
The bat moves out of view.
You shoot an arrow. The arrow barely misses Terence.
You shoot an arrow. The arrow completely misses Terence.
You shoot an arrow. The arrow hits Terence.
Terence is moderately wounded.
Terence hits you with a +0 falchion.
You shoot an arrow. The arrow hits Terence.
Terence is moderately wounded.
Terence barely misses you. Terence hits you with a +0 falchion.
You shoot an arrow. The arrow hits Terence.
Terence is moderately wounded.
Terence hits you with a +0 falchion.
You shoot an arrow. The arrow hits Terence.
Terence is heavily wounded.
Terence hits you with a +0 falchion.
You shoot an arrow. The arrow hits Terence.
Terence is severely wounded.
Terence hits you with a +0 falchion! Terence says, "Did you write a will?
You should..."
Terence hits you with a +0 falchion.
You shoot an arrow. The arrow closely misses Terence.
Terence barely misses you.
You shoot an arrow. The arrow hits Terence.
Terence is severely wounded.
Terence closely misses you.
You shoot an arrow. The arrow completely misses Terence.
Terence hits you with a +0 falchion!
You die...
Terence says, "Rest in peace."

..#.# #..#
#..# #..##
#...#
##..# #..#
#..# #..#
#@.#
!...).@..#
.........#
......#..#
......#..#
......#..#
..... #..#
..... #..#


You could see Terence.

Vanquished Creatures
  An adder (D:2)
  5 endoplasms
  2 giant cockroaches
  3 goblins (D:1)
  5 hobgoblins
  6 kobolds
  5 ball pythons
  A bat (D:1)
  4 frilled lizards (D:1)
  3 rats
35 creatures vanquished.

Notes
Turn   | Place    | Note
-------+----------+-------------------------------------------
     0 | D:1      | qw the Djinni Hunter began the quest for the Orb.
     0 | D:1      | Reached XP level 1. HP: 18/18 MP: 0/0
     0 | D:1      | 0 ||| qw: Version: 0.3-a-136-gdd3b4e8
     0 | D:1      | 0 ||| qw: Game counter: 1383
     0 | D:1      | 0 ||| qw: Melee chars always use a shield: true
     0 | D:1      | 0 ||| qw: God list: Okawaru
     0 | D:1      | 0 ||| qw: Allow faded altars: false
     0 | D:1      | 0 ||| qw: Do Orc after clearing Dungeon:15 true
     0 | D:1      | 0 ||| qw: Do second Lair branch before Depths: true
     0 | D:1      | 0 ||| qw: Lair rune preference: random
     0 | D:1      | 0 ||| qw: Goals: Normal
     0 | D:1      | 0 ||| PLANNING D:1-11
   109 | D:1      | Reached XP level 2. HP: 23/23 MP: 0/0
   346 | D:1      | Reached XP level 3. HP: 28/28 MP: 0/0
   346 | D:1      | Learned a level 1 spell: Freeze
   356 | D:1      | Reached skill level 4 in Ranged Weapons
   528 | D:1      | Found a faded altar of an unknown god.
   698 | D:1      | 698 ||| READING scroll labelled UBBILY SAAHI.
   699 | D:1      | 699 ||| READING scroll labelled GUQUWY XISIRAO.
   699 | D:1      | 699 ||| ENCHANTING +0 shortbow.
   700 | D:1      | 700 ||| READING 2 scrolls labelled EWKAUM POUHUT.
   700 | D:1      | 700 ||| IDENTIFYING clear potion
   701 | D:1      | 701 ||| DROPPING scroll of butterflies.
   702 | D:1      | 702 ||| DROPPING potion of degeneration.
   902 | D:2      | Noticed Terence
   909 | D:2      | HP: 7/29 [Terence/+0 falchion (7)]
   912 | D:2      | Slain by Terence

Levels and vault maps discovered:
D:1:      eino_arrival_tree_alley, layout_loops_cross,
          shapermc_ecumenical_altar_hornbeckon, chequers_serial_rivers_small_3,
          serial_park_tiny_2
D:2:      cheibrodos_pilgrimage, layout_rooms, uniq_terence

Skill      XL: |  1  2  3 |
---------------+----------+-----
Ranged Weapons | 4 |  4.0
Fighting       | |  2.8
Dodging        | |  2.1
Stealth        | |  0.7

Action                     || total
---------------------------++-------
   Fire: Shortbow          ||    93
    Use: Scroll            ||     3
 Armour: Leather armour    ||    17
  Dodge: Dodged            ||    17

Table legend:
 A = Non-vault XP
 B = Vault XP
 C = Vault XP percentage of total XP
 D = Non-vault monster count
 E = Vault monster count
 F = Vault count percentage of total count
                 A         B        C        D         E       F
            +---------+---------+-------+---------+---------+-------
      Total |      66 |       0 |   0.0 |      35 |       0 |   0.0
            +---------+---------+-------+---------+---------+-------
        D:1 |      42 |       0 |   0.0 |      27 |       0 |   0.0
        D:2 |      24 |       0 |   0.0 |       8 |       0 |   0.0
            +---------+---------+-------+---------+---------+-------
